 Dungeon Crawl Stone Soup version 0.30.0-5-g1a98f26d00 (webtiles) character file.

Game seed: 14672237649249507647

30 howech the Charlatan (level 3, -2/31 HPs)
             Began as a Gnoll Wanderer on May 10, 2023.
             Slain by Sigmund
             ... wielding a +0 scythe
              (9 damage)
             ... on level 2 of the Dungeon.
             The game lasted 00:03:02 (1317 turns).

howech the Charlatan (Gnoll Wanderer)               Turns: 1317, Time: 00:03:03

Health: -2/31      AC:  2    Str: 11    XL:     3   Next: 20%
Magic:  5/7        EV: 11    Int: 14    God:
Gold:   65         SH:  0    Dex: 10    Spells: 6/7 levels left

rFire   . . .        a - +2 spear
rCold   . . .        (no shield)
rNeg    . . .        d - +0 robe
rPois   .            (no helmet)
rElec   .            (no cloak)
rCorr   .            (no gloves)
SInv    .            (no boots)
Will    .....        (no amulet)
Stlth   +            (no ring)
HPRegen 0.25/turn    (no ring)
MPRegen 0.10/turn

%: no passive effects
@: no status effects
A: fangs 1, strong nose, distributed training
a: no special abilities


You were on level 2 of the Dungeon.
You visited 1 branch of the dungeon, and saw 2 of its levels.

You collected 65 gold pieces.

Inventory:

Hand Weapons
 a - a +2 spear (weapon)
 h - a +3 short sword
Missiles
 g - 9 poisoned darts
Armour
 d - a +0 robe (worn)
Jewellery
 j - a ring of flight
Scrolls
 e - a scroll of poison
Potions
 c - a potion of berserk rage
 i - a potion of mutation {unknown}
Miscellaneous
 b - a piece from Xom's chessboard (15/15)


   Skills:
 + Level 4.5 Fighting
 + Level 0.7 Short Blades
 + Level 0.7 Long Blades
 + Level 0.7 Axes
 + Level 0.7 Maces & Flails
 + Level 6.5 Polearms
 + Level 0.7 Staves
 + Level 0.7 Ranged Weapons
 + Level 0.7 Throwing
 + Level 0.7 Armour
 + Level 0.7 Dodging
 + Level 0.7 Stealth
 + Level 0.7 Shields
 + Level 0.7 Unarmed Combat
 + Level 2.8 Spellcasting
 + Level 0.5 Conjurations
 + Level 0.5 Hexes
 + Level 0.5 Summonings
 + Level 0.5 Necromancy
 + Level 0.5 Translocations
 + Level 0.5 Transmutations
 + Level 0.5 Fire Magic
 + Level 0.5 Ice Magic
 + Level 2.1 Air Magic
 + Level 0.5 Earth Magic
 + Level 0.5 Poison Magic
 + Level 0.9 Invocations
 + Level 6.5 Evocations


You had 6 spell levels left.
You knew the following spells:

 Your Spells              Type           Power      Damage    Failure   Level
a - Shock                 Conj/Air       20%        1d4       13%         1

Your spell library contained the following spells:

 Spells                   Type           Power      Damage    Failure   Level
 Slow                     Hex            12%        N/A       19%         1
 Ensorcelled Hibernation  Hex/Ice        6%         N/A       26%         2
 Passwall                 Tmut/Erth      2%         N/A       26%         2
 Swiftness                Air            7%         N/A       26%         3
 Vhi's Electric Charge    Tloc/Air       10%        N/A       36%         3
 Confusing Touch          Hex            3%         N/A       47%         3
 Vampiric Draining        Necr           3%         2d6       47%         3


Dungeon Overview and Level Annotations

Branches:
Dungeon (2/15)

Altars:

Annotations:
D:2 Sigmund


Innate Abilities, Weirdness & Mutations

You have very sharp teeth.
Your uncanny sense of smell can sniff out nearby items.
Your experience applies equally to all skills.


Message History

You resist with significant effort.
Things that are here:
a +0 short sword; a kobold corpse Your magical contamination has completely faded away.
The frilled lizard attacks as you move away!
The frilled lizard closely misses you.
The frilled lizard attacks as you move away!
The frilled lizard bites you.
Sigmund drinks a potion.
Sigmund seems to speed up.
Aiming: Shock (safe; 13% risk of failure)
Press: ? - help, Q - select action, (/) - cycle Shift-Dir - straight line, f - frilled lizard
Aim: a frilled lizard (43% to hit)
The zap hits the frilled lizard.
The frilled lizard is heavily wounded.
The zap hits Sigmund.
Sigmund is lightly wounded.
Sigmund mumbles some strange words.
Sigmund flickers and vanishes!
Deactivating autopickup; reactivate with Ctrl-A.
The frilled lizard closely misses you.
Unknown command.
Aiming: Shock (safe; 13% risk of failure)
Press: ? - help, Q - select action, (/) - cycle Shift-Dir - straight line, f/p - frilled lizard
Aim: a frilled lizard (heavily wounded, 43% to hit)
The zap hits the frilled lizard.
You kill the frilled lizard!
You are confused.
You bump into the rock wall.
You bump into the rock wall.
You feel less confused. Something hits you! Something hits you.
You hit something. Something hits you.
* * * LOW HITPOINT WARNING * * *
You barely miss something. You hit something.
Something hits you but does no damage.
You hit something. Your bite misses something. Something hits you.
* * * LOW HITPOINT WARNING * * *
You hit something. Something hits you!
You die...

#............. ∆# #######
##.....##.##### #. #.....#
#..###.##.#### .#..##.....#
#..# #.......#
...........#####..###.##.#####
..............................
.?.....)..............##.#####
....####.#######.#######.#
.#........†.{@...# #.#
##.####.#######.# #.# #.# #.#
#.# #.#######.# #.#
#........|# #.# ###########


There were no monsters in sight!

Vanquished Creatures
  2 dart slugs (D:1)
  4 ball pythons (D:1)
  3 endoplasms (D:1)
  A giant cockroach (D:1)
  A goblin (D:1)
  4 kobolds
  2 quokkas
  A bat (D:1)
  6 frilled lizards
  A rat (D:1)
25 creatures vanquished.

Notes
Turn   | Place    | Note
-------+----------+-------------------------------------------
     0 | D:1      | howech the Gnoll Wanderer began the quest for the Orb.
     0 | D:1      | howech set off with the following items: a +2 spear, a
                  | piece from Xom's chessboard (15/15), a potion of berserk
                  | rage, a +0 robe; and the following spell memorised: Shock;
                  | and the following spells available to memorise: Vhi's
                  | Electric Charge.
     0 | D:1      | Reached XP level 1. HP: 20/20 MP: 4/4
   159 | D:1      | Reached XP level 2. HP: 26/26 MP: 5/5
   570 | D:1      | Reached XP level 3. HP: 31/31 MP: 7/7
  1299 | D:2      | Noticed Sigmund
  1317 | D:2      | Slain by Sigmund

Illustrated notes

Levels and vault maps discovered:
D:1:      matt_arrival_los_fun, layout_loops_corners, hex_large
D:2:      layout_basic, serial_corexii_hall, corexii_hall_statues_i,
          chequers_hall_statues_wall_a, lightli_corner_chamber, uniq_sigmund

Skill      XL: |  1 |
---------------+----+-----
Air Magic      | 2 |  2.1
Fighting       | |  4.5
Short Blades   | |  0.7
Long Blades    | |  0.7
Axes           | |  0.7
Maces & Flails | |  0.7
Polearms       | |  6.5
Staves         | |  0.7
Ranged Weapons | |  0.7
Throwing       | |  0.7
Armour         | |  0.7
Dodging        | |  0.7
Stealth        | |  0.7
Shields        | |  0.7
Unarmed Combat | |  0.7
Spellcasting   | |  2.8
Conjurations   | |  0.5
Hexes          | |  0.5
Summonings     | |  0.5
Necromancy     | |  0.5
Translocations | |  0.5
Transmutations | |  0.5
Fire Magic     | |  0.5
Ice Magic      | |  0.5
Earth Magic    | |  0.5
Poison Magic   | |  0.5
Invocations    | |  0.9
Evocations     | |  6.5

Action                     || total
---------------------------++-------
  Melee: Spear             ||    70
         Bite              ||     5
   Cast: Shock             ||     6
    Use: Scroll            ||     2
   Stab: Sleeping          ||     1
 Armour: Robe              ||     7
  Dodge: Dodged            ||    26
